Map: [ESL] Ancient Cistern

Players

MaxPax

  • Race: Protoss Protoss
  • League: Master
  • Spawn Location: 1:00

Clem - Winner!

  • Race: Terran Terran
  • League: Grandmaster
  • Spawn Location: 7:00

VOD

Have the link to the VOD?

Description

Time

  • Played on: May 17, 2023, 10:14 a.m.
  • Length: 17:42
Show
View Real Time Build Order
Export as new Build Order

MaxPax Protoss 

Build Orders: 1 Gate Expand, Blink Stalkers 

Get SALT Encoding   

  12  0:00  Probe  
  13  0:12  Probe  
  14  0:17  Pylon  
  14  0:24  Probe (Chrono Boost)  
  16  0:36  Gateway  
  16  0:37  Probe (Chrono Boost)  
  16  0:43  Probe (Chrono Boost)  
  16  0:45  Assimilator  
  17  0:51  Probe  
  18  1:03  Probe  
  19  1:15  Probe  
  20  1:23  Cybernetics Core  
  20  1:30  Nexus  
  20  1:33  Probe  
  21  1:41  Pylon  
  21  1:45  Probe  
  22  1:48  Assimilator  
  22  1:57  Adept (Chrono Boost), Probe  
  22  2:00  Warp Gate  
  25  2:09  Probe  
  26  2:17  Adept (Chrono Boost)  
  26  2:21  Probe  
  29  2:25  Twilight Council  
  29  2:33  Probe  
  30  2:45  Probe (Chrono Boost)  
  30  2:50  Probe (Chrono Boost)  
  32  2:56  Probe (Chrono Boost)  
  32  2:58  Blink (Chrono Boost)  
  34  3:00  Probe (Chrono Boost)  
  34  3:01  Probe (Chrono Boost)  
  34  3:04  Gateway  
  35  3:10  Probe  
  35  3:11  Probe  
  37  3:21  Robotics Facility  
  37  3:22  Probe  
  37  3:23  Probe  
  39  3:32  Gateway  
  39  3:34  Probe  
  39  3:35  Probe  
  39  3:37  Gateway  
  39  3:40  Pylon  
  41  3:46  Probe  
  43  3:49  Stalker  
  43  3:54  Probe  
  45  3:59  Stalker  
  45  4:00  Probe  
  48  4:08  Warp Prism (Chrono Boost)  
  50  4:11  Pylon  
  50  4:12  Probe  
  50  4:16  Assimilator  
  51  4:28  Pylon  
  51  4:30  Stalker x3  
  57  4:34  Stalker  
  59  4:39  Observer  
  60  4:51  Nexus  
  60  5:04  Stalker x4  
  68  5:08  Pylon  
  68  5:10  Probe  
  68  5:12  Probe  
  64  5:22  Observer, Probe  
  64  5:24  Probe  
  64  5:28  Pylon  
  67  5:35  Probe (Chrono Boost)  
  68  5:36  Probe (Chrono Boost)  
  68  5:39  Charge, Observer  
  69  5:42  Observer  
  69  5:47  Forge, Observer, Probe (Chrono Boost)  
  69  5:49  Probe (Chrono Boost)  
  71  5:55  Probe x2 (Chrono Boost)  
  73  6:01  Stalker x3, Probe  
  73  6:02  Stalker  
  73  6:03  Probe  
  83  6:04  Probe  
  83  6:07  Observer  
  83  6:11  Observer  
  84  6:13  Probe  
  84  6:15  Probe  
  84  6:16  Probe  
  85  6:21  Gateway  
  85  6:22  Gateway  
  85  6:24  Gateway  
  85  6:25  Gateway, Probe  
  86  6:27  Protoss Ground Weapons Level 1 (Chrono Boost), Probe  
  86  6:29  Probe  
  88  6:36  Pylon, Sentry x2  
  88  6:37  Probe  
  88  6:38  Immortal (Chrono Boost)  
  88  6:39  Shield Battery  
  94  6:45  Assimilator  
  97  6:56  Zealot x2  
  97  6:58  Robotics Bay, Observer  
  101  7:05  Zealot x2  
  101  7:07  Immortal (Chrono Boost)  
  105  7:13  Pylon  
  109  7:18  Pylon  
  109  7:19  Pylon  
  109  7:22  Pylon  
  109  7:30  Pylon  
  109  7:33  Zealot x4  
  117  7:39  Pylon, Zealot x4  
  125  7:48  Colossus (Chrono Boost)  
  125  7:52  Extended Thermal Lance  
  125  7:58  Zealot x4  
  135  8:08  Zealot x4  
  135  8:15  Observer  
  135  8:19  Zealot x4  
  143  8:31  Protoss Ground Weapons Level 2 (Chrono Boost)  
  143  8:32  Colossus (Chrono Boost)  
  149  8:34  Nexus  
  149  8:40  Probe  
  149  8:41  Probe x2  
  152  8:47  Zealot x2  
  156  8:54  Probe  
  157  9:01  Pylon  
  157  9:09  Forge  
  157  9:11  Pylon  
  151  9:18  Colossus (Chrono Boost)  
  127  9:25  Zealot x5  
  117  9:35  Zealot x3  
  121  9:41  Probe  
  114  9:50  Zealot x5  
  102  9:56  Zealot x3  
  106  10:01  Probe x2  
  106  10:05  Shield Battery  
  106  10:08  Gateway  
  106  10:09  Gateway, Colossus (Chrono Boost)  
  106  10:12  Zealot x4, Sentry  
  120  10:14  Probe  
  117  10:23  Stalker x3  
  97  10:35  Zealot  
  97  10:36  Zealot x4  
  104  10:47  Pylon  
  100  10:50  Stalker x3, Templar Archives  
  106  10:58  Stalker x3  
  108  11:19  Pylon  
  108  11:23  Sentry  
  108  11:24  Zealot x8  
  126  11:30  Observer  
  122  11:45  High Templar x6, Observer  
  134  11:47  Zealot x3  
  134  11:50  Archon x2  
  134  11:51  Archon  
  134  11:54  Nexus  
  140  11:57  Protoss Ground Armor Level 1 (Chrono Boost)  
  140  11:59  Pylon  
  140  12:03  Probe x2  
  142  12:10  Observer  
  142  12:12  Disruptor (Chrono Boost)  
  145  12:16  Probe  
  145  12:21  Zealot x8  
  160  12:23  Assimilator  
  160  12:28  Shield Battery  
  160  12:31  Photon Cannon  
  160  12:40  Disruptor (Chrono Boost)  
  159  12:50  Stalker x4  
  167  12:53  Probe x2  
  167  12:57  Protoss Ground Weapons Level 3 (Chrono Boost)  
  165  12:58  Probe  
  167  13:05  Probe  
  167  13:09  Observer  
  167  13:10  Disruptor (Chrono Boost)  
  167  13:12  Photon Cannon  
  170  13:17  Observer  
  170  13:33  Disruptor (Chrono Boost)  
  173  13:34  Nexus  
  173  13:36  Robotics Facility  
  173  13:39  Zealot x7  
  187  13:47  Probe  
  172  14:00  Disruptor (Chrono Boost)  
  172  14:02  Zealot x4  
  161  14:07  Zealot x5  
  163  14:14  Probe x2  
  163  14:15  Pylon  
  163  14:22  Probe  
  154  14:25  Disruptor (Chrono Boost), Zealot x4  
  154  14:26  Disruptor (Chrono Boost)  
  154  14:28  Gateway  
  160  14:41  Zealot x5  
  168  14:57  Disruptor (Chrono Boost)  
  157  15:01  Disruptor (Chrono Boost)  
  157  15:04  Stalker x2, Photon Cannon, Shield Battery  
  157  15:05  Stalker  
  158  15:15  Photon Cannon  
  158  15:22  Zealot x6  
  158  15:39  Disruptor (Chrono Boost)  
  140  15:45  Disruptor (Chrono Boost)  
  132  15:54  Zealot x5  
  132  15:55  Zealot  
  144  16:09  Stalker x4  
  152  16:13  Photon Cannon, Nexus  
  152  16:14  Pylon  
  152  16:15  Disruptor  
  152  16:17  Stalker x2  
  155  16:34  Disruptor  
  153  16:44  Zealot  
  153  16:45  Zealot x6  
  167  16:51  Observer  
  151  17:18  Zealot x4  
  151  17:19  Zealot x4  
Show
View Real Time Build Order
Export as new Build Order

Clem Terran - Winner!

Build Orders: Reaper Expand 

Get SALT Encoding   

  12  0:00  SCV  
  13  0:13  SCV  
  14  0:16  Supply Depot  
  14  0:25  SCV  
  15  0:38  SCV  
  15  0:39  Barracks  
  15  0:42  Refinery  
  16  0:50  SCV  
  17  1:02  SCV  
  18  1:14  SCV  
  19  1:26  Orbital Command, Reaper  
  20  1:42  Command Center  
  20  1:46  Supply Depot  
  20  1:52  SCV  
  21  1:58  Marine  
  22  2:04  SCV  
  22  2:06  Factory  
  23  2:11  Bunker  
  23  2:16  Marine  
  23  2:17  SCV  
  25  2:29  SCV  
  26  2:32  Barracks  
  26  2:37  Refinery  
  26  2:39  Barracks Reactor  
  26  2:41  SCV  
  27  2:49  Factory Tech Lab  
  27  2:53  SCV  
  27  2:58  Orbital Command  
  28  3:05  SCV  
  28  3:12  Siege Tank  
  31  3:15  Marine x2  
  31  3:17  SCV  
  31  3:19  Barracks Tech Lab  
  34  3:24  SCV  
  34  3:26  Engineering Bay  
  35  3:29  SCV  
  35  3:32  Marine  
  35  3:33  Marine  
  38  3:36  SCV  
  38  3:37  Marine, Supply Depot  
  38  3:40  Stimpack  
  40  3:43  SCV  
  40  3:48  SCV  
  42  3:53  Marine x2, Barracks  
  45  3:55  SCV  
  45  3:59  Marine  
  45  4:03  SCV, Siege Tank  
  45  4:07  SCV  
  45  4:08  Supply Depot  
  50  4:11  Marine x2  
  50  4:15  SCV  
  53  4:20  Bunker  
  53  4:22  SCV  
  54  4:25  Supply Depot  
  54  4:30  Marine, SCV, Marauder  
  58  4:32  Marine, Supply Depot  
  58  4:37  Siege Tank  
  62  4:41  Barracks Tech Lab  
  62  4:47  SCV x2  
  62  4:49  Supply Depot  
  62  4:50  Marine  
  62  4:52  Marauder  
  66  4:59  SCV x2  
  68  5:01  Marauder, Refinery  
  68  5:04  Combat Shield  
  68  5:06  Supply Depot  
  70  5:07  Marine  
  70  5:08  Marine  
  70  5:11  SCV x2  
  76  5:14  Marauder  
  72  5:23  SCV x2  
  72  5:24  Bunker  
  72  5:25  Marauder  
  76  5:31  Siege Tank  
  76  5:34  Marine  
  76  5:35  Marine, SCV x2  
  81  5:41  Marine, Refinery  
  81  5:46  Supply Depot  
  81  5:47  Marine, SCV  
  83  5:51  SCV  
  83  5:52  Terran Infantry Weapons Level 1  
  83  5:57  Marine, Starport  
  83  5:58  Marine  
  83  5:59  SCV  
  83  6:03  SCV  
  86  6:07  Supply Depot  
  86  6:10  Marauder  
  88  6:11  SCV  
  88  6:13  Marauder  
  88  6:14  Factory Reactor  
  88  6:15  SCV  
  92  6:18  Concussive Shells  
  92  6:19  Supply Depot  
  92  6:21  Marine  
  93  6:33  Command Center  
  93  6:36  Marauder  
  93  6:38  Supply Depot  
  95  6:40  Marine, Missile Turret  
  95  6:41  Marine  
  95  6:44  Marauder  
  99  6:53  Medivac x2  
  103  6:54  Supply Depot  
  103  6:55  SCV  
  103  6:56  SCV  
  103  6:57  Factory Reactor  
  103  6:59  Marine  
  103  7:00  Marine, Marauder  
  109  7:04  Supply Depot  
  109  7:09  Marauder  
  109  7:13  Supply Depot  
  111  7:17  Marine  
  111  7:18  Marine  
  111  7:21  Marauder  
  115  7:23  Barracks  
  115  7:24  Barracks, Medivac  
  115  7:26  Medivac  
  119  7:32  Marauder  
  119  7:35  Supply Depot, Widow Mine x2  
  125  7:38  Marine x2  
  127  7:45  SCV x2  
  127  7:47  Marauder, Supply Depot x2  
  127  7:50  SCV  
  130  7:55  Marine x2  
  130  7:56  Marauder  
  133  7:59  Medivac  
  133  8:04  SCV, Widow Mine  
  134  8:09  Marauder  
  134  8:10  Widow Mine  
  134  8:12  Barracks Reactor, Barracks Tech Lab  
  136  8:13  Marine  
  136  8:15  SCV  
  136  8:17  Marine  
  136  8:18  Marauder  
  141  8:22  SCV  
  141  8:24  Medivac  
  143  8:27  SCV  
  143  8:29  Medivac  
  143  8:32  Marauder  
  143  8:33  Widow Mine  
  150  8:34  SCV, Supply Depot  
  150  8:37  Marine x2  
  150  8:39  SCV  
  153  8:41  Terran Infantry Armor Level 1  
  153  8:45  Marauder  
  154  8:49  Marine  
  154  8:54  Orbital Command, Ghost Academy  
  155  8:57  Marine x2  
  155  8:59  Marine, SCV  
  155  9:01  SCV  
  160  9:04  Widow Mine  
  160  9:05  Widow Mine  
  160  9:08  Marauder  
  164  9:11  Marauder  
  164  9:13  SCV  
  164  9:16  Marauder  
  166  9:17  Marine x2  
  153  9:25  Marine, Widow Mine  
  153  9:29  Marine x2  
  153  9:30  Widow Mine  
  148  9:34  Viking  
  148  9:37  Viking  
  143  9:38  SCV  
  143  9:41  Marine, SCV  
  143  9:44  SCV  
  135  9:46  Widow Mine  
  135  9:49  Marine x2  
  135  9:52  Marauder  
  125  9:54  Marauder  
  125  9:58  Marine  
  125  9:59  Marauder  
  126  10:01  Widow Mine  
  126  10:03  Marine  
  126  10:06  Viking  
  125  10:10  Marine  
  119  10:14  Marine x2  
  113  10:25  Widow Mine  
  113  10:28  SCV x2  
  112  10:30  Marine x2  
  112  10:31  SCV  
  112  10:33  Marauder  
  113  10:36  Marine  
  113  10:40  SCV x2  
  113  10:42  Marine  
  113  10:43  SCV  
  113  10:44  Marauder  
  113  10:46  Marauder  
  118  10:50  Marine x2  
  118  10:52  SCV  
  118  10:54  Marauder  
  118  10:56  Widow Mine x2  
  127  10:57  Marine  
  127  10:59  Viking  
  127  11:01  Viking  
  127  11:02  SCV  
  127  11:04  SCV x2  
  133  11:07  Marine  
  133  11:09  Marauder  
  137  11:14  Marine x2, SCV  
  138  11:18  Refinery  
  138  11:19  Ghost  
  138  11:20  Ghost Academy  
  138  11:21  Marine  
  138  11:22  Widow Mine x2  
  138  11:24  SCV  
  145  11:27  Marine  
  145  11:29  Supply Depot  
  145  11:30  Marauder  
  145  11:31  Marauder  
  150  11:35  Marine x2  
  150  11:37  Viking  
  141  11:41  Viking  
  141  11:45  Armory  
  143  11:50  Engineering Bay  
  143  11:54  Ghost x2  
  143  11:56  Ghost  
  149  12:02  Marine  
  149  12:03  Marine, Refinery x2  
  149  12:06  Marine x2  
  153  12:09  Viking  
  155  12:16  Viking  
  156  12:23  Barracks  
  156  12:24  Command Center  
  156  12:28  Ghost  
  158  12:30  Ghost  
  158  12:34  Marine x3  
  158  12:35  Marine  
  164  12:37  Ghost  
  164  12:43  SCV  
  164  12:46  SCV  
  164  12:47  SCV  
  164  12:52  Marine  
  164  12:55  Marine, SCV  
  164  12:58  Marauder, SCV  
  165  13:05  Terran Infantry Weapons Level 2  
  165  13:09  Refinery  
  165  13:12  Terran Infantry Armor Level 2  
  165  13:17  Medivac  
  169  13:20  Marauder  
  169  13:21  Marauder  
  169  13:23  Marauder  
  169  13:26  Marine  
  174  13:27  Marine  
  174  13:29  Marine x2  
  176  13:37  SCV x3  
  176  13:41  Marine  
  180  13:43  Marine  
  180  13:44  Marauder  
  180  13:45  Marine  
  180  13:46  Marine  
  185  13:50  Widow Mine x2  
  185  13:54  Marauder  
  163  13:58  Marine  
  163  13:59  Marauder  
  154  14:05  Marauder  
  154  14:07  SCV x2  
  155  14:11  SCV, Widow Mine  
  155  14:13  Marine  
  155  14:14  Marine, Ghost  
  155  14:16  Marine  
  162  14:21  SCV  
  160  14:25  Planetary Fortress  
  160  14:28  SCV  
  160  14:30  SCV  
  162  14:35  Ghost  
  158  14:43  Marine, Widow Mine x2  
  163  14:49  SCV x3  
  161  15:01  SCV x2  
  161  15:06  Marine x2  
  161  15:07  Marine  
  164  15:11  Widow Mine x2  
  165  15:18  Marauder  
  165  15:22  Marauder x2  
  169  15:29  Marine x2  
  144  15:38  Marine x2  
  144  15:40  Marauder  
  137  15:43  Marauder x2, Widow Mine  
  137  15:44  Medivac x2  
  137  15:46  Widow Mine  
  145  15:58  Command Center  
  145  16:01  Marauder  
  147  16:04  Marine x4  
  147  16:07  Ghost  
  147  16:09  Ghost  
  155  16:15  Widow Mine x2  
  155  16:16  Medivac  
  161  16:20  Medivac  
  161  16:25  Marine  
  163  16:26  Marine x2  
  166  16:33  Marine, Marauder  
  166  16:34  Orbital Command  
  166  16:37  Marauder  
  166  16:39  Ghost  
  159  16:42  Widow Mine  
  156  16:54  Marauder  
  154  17:03  Marauder  
  154  17:06  Widow Mine x2  
  155  17:12  Marine  
Tags
 
Add a new tag
Caveats
  • Supply blocks, unpowered buildings, or Contaminate may cause inaccurate times.
  • Supply counts are checked every 10 seconds.